 Dungeon Crawl Stone Soup version 0.28-a0-872-g80cf8599ee (webtiles) character file.

Game seed: 10903605845488735469

1692070 karkarkar the Minotaur Barricade (level 26, 287/287 HPs)
             Began as a Minotaur Fighter on Nov 19, 2021.
             Was the Champion of the Shining One.
             Escaped with the Orb
             ... and 3 runes on Nov 20, 2021!
             The game lasted 05:57:57 (68473 turns).

karkarkar the Minotaur Barricade (MiFi)            Turns: 68473, Time: 05:57:58

Health: 287/287    AC: 52    Str: 37    XL:     26   Next: 75%
Magic:  40/40      EV: 12    Int:  7    God:    the Shining One [******]
Gold:   5289       SH: 26    Dex:  7    Spells: 25/25 levels left

rFire   + + .      SeeInvis +   a - +9 broad axe (holy)
rCold   + + .      Faith    .   h - +3 tower shield {AC+3}
rNeg    + + +      Spirit   .   G - +9 scales of the Dragon King {rPois rF+ rC+ Will+}
rPois   +          Reflect  .   F - +2 hat {Will+}
rElec   +          Harm     .   V - +4 cloak "Uteserie" {Will+ Int+2 SInv Stlth-}
rCorr   +          Rampage  .   D - +0 pair of gloves
Will    ++++.                   I - +2 pair of boots
Stlth   ..........              O - macabre finger necklace {rN+}
HPRegen 0.57/turn               Q - ring "Avupt" {rF+ MP+9 Slay+3 Stlth+}
MPRegen 0.27/turn               y - ring of Jaughoc {rElec rC+ Str+6 Dex-5 Slay+3}
                                K - ring of resist corrosion

@: glowing, studying Shields
A: horns 2, retaliatory headbutt, hooves 1, deterioration 1, robust 1,
MP-powered wands
0: Orb of Zot
}: 3/15 runes: barnacled, silver, gossamer
a: Renounce Religion, Divine Shield, Cleansing Flame, Summon Divine Warrior


You escaped.
You worshipped the Shining One.
The Shining One was exalted by your worship.
You visited 11 branches of the dungeon, and saw 52 of its levels.
You visited the Abyss 2 times.
You also visited: Sewer, Bailey and Wizlab.

You collected 9749 gold pieces.
You spent 4460 gold pieces at shops.

Inventory:

Hand Weapons
 a - a +9 broad axe of holy wrath (weapon)
 b - a +7 broad axe of electrocution
Missiles
 l - 5 throwing nets
 r - 63 boomerangs
 R - 5 silver boomerangs (quivered)
 Y - 5 silver javelins
 Z - 6 javelins
Armour
 h - a +3 tower shield of protection (worn)
 o - +12 gold dragon scales
 D - a +0 pair of gloves (worn)
 F - a +2 hat of willpower (worn)
 G - the +9 scales of the Dragon King (worn) {rPois rF+ rC+ Will+}
   (You found it on level 5 of the Realm of Zot)

   rF:        It protects you from fire.
   rC:        It protects you from cold.
   rPois:     It protects you from poison.
   Will:      It increases your willpower.
 I - a +2 pair of boots (worn)
 V - the +4 cloak "Uteserie" (worn) {Will+ Int+2 SInv Stlth-}
   (You found it on level 2 of the Shoals)

   Int:       It affects your intelligence (+2).
   SInv:      It lets you see invisible.
   Will:      It increases your willpower.
   Stlth:     It makes you less stealthy.
Jewellery
 e - an amulet of regeneration
 u - a +4 ring of slaying
 y - the ring of Jaughoc (right hand) {rElec rC+ Str+6 Dex-5 Slay+3}
   (You acquired it in a bailey)

   [ring of strength]

   Str:       It affects your strength (+6).
   Dex:       It affects your dexterity (-5).
   Slay:      It affects your accuracy & damage with ranged weapons and melee
   (+3).
   rC:        It protects you from cold.
   rElec:     It insulates you from electricity.
 E - a ring of willpower
 K - a ring of resist corrosion (on amulet)
 O - the macabre finger necklace (around neck) {rN+}
   (You bought it in a shop on level 12 of the Dungeon)

   [amulet of nothing]

   It enables you to equip an extra ring.
   rN:        It protects you from negative energy.
 Q - the ring "Avupt" (left hand) {rF+ MP+9 Slay+3 Stlth+}
   (You found it on level 12 of the Dungeon)

   [ring of magical power]

   Slay:      It affects your accuracy & damage with ranged weapons and melee
   (+3).
   rF:        It protects you from fire.
   MP:        It affects your magic capacity (+9).
   Stlth:     It makes you more stealthy.
 S - an amulet of reflection
Wands
 g - a wand of iceblast (46)
 v - a wand of flame (152)
 w - a wand of digging (7)
 C - a wand of paralysis (19)
 H - a wand of mindburst (32)
 L - a wand of charming (22)
 P - a wand of acid (16)
Scrolls
 f - 2 scrolls of silence
 k - 3 scrolls of fog
 q - 23 scrolls of teleportation
 A - 5 scrolls of holy word
 J - 6 scrolls of fear
 T - 4 scrolls of blinking
 W - 5 scrolls of summoning
Potions
 d - 6 potions of heal wounds
 i - 24 potions of curing
 j - 4 potions of haste
 m - 5 potions of attraction
 n - 13 potions of lignification
 t - a potion of resistance
 z - 10 potions of mutation
 B - 6 potions of flight
 M - 3 potions of ambrosia
 U - 4 potions of cancellation
Miscellaneous
 x - a box of beasts
 X - a tin of tremorstones (2/2)


   Skills:
 - Level 26.2 Fighting
 + Level 0.2(0.3) Short Blades
 + Level 0.2(0.4) Long Blades
 - Level 22.0 Axes
 + Level 1.0(14.6) Maces & Flails
 + Level 0.6(14.5) Polearms
 + Level 0.5(1.0) Staves
 + Level 0.4(11.3) Slings
 + Level 0.2 Bows
 + Level 0.2 Crossbows
 - Level 16.0 Throwing
 + Level 25.5 Armour
 * Level 15.2 Dodging
 - Level 0.2 Stealth
 O Level 27 Shields
 + Level 0.4 Unarmed Combat
 + Level 0.1 Spellcasting
 + Level 0.6 Conjurations
 + Level 0.1 Hexes
 + Level 0.2 Summonings
 + Level 0.2 Necromancy
 + Level 0.3 Translocations
 + Level 0.1 Transmutations
 + Level 0.1 Fire Magic
 + Level 0.2 Ice Magic
 + Level 0.3 Air Magic
 + Level 0.5 Earth Magic
 + Level 0.1 Poison Magic
 - Level 13.0 Invocations
 - Level 11.1 Evocations


You had 25 spell levels left.
You didn't know any spells.
Your spell library contained the following spells:

 Spells                   Type           Power      Damage    Failure   Level
 Magic Dart               Conj           0%         1d3       85%         1
 Sandblast                Erth           0%         2d4       86%         1
 Shock                    Conj/Air       0%         1d3       86%         1
 Foxfire                  Conj/Fire      0%         2x1d4     87%         1
 Animate Skeleton         Necr           0%         N/A       88%         1
 Beastly Appendage        Tmut           0%         N/A       88%         1
 Pain                     Necr           0%         1d4       88%         1
 Slow                     Hex            0%         N/A       88%         1
 Sting                    Tmut/Pois      0%         1d3       88%         1
 Searing Ray              Conj           0%         2d4       94%         2
 Blink                    Tloc           0%         N/A       95%         2
 Passwall                 Tmut/Erth      0%         N/A       95%         2
 Poisonous Vapours        Pois/Air       0%         N/A       95%         2
 Static Discharge         Conj/Air       0%         N/A       95%         2
 Sublimation of Blood     Necr           0%         N/A       95%         2
 Scorch                   Fire           0%         2d5       96%         2
 Wereblood                Tmut           0%         N/A       96%         2
 Call Canine Familiar     Summ           0%         N/A       99%         3
 Confusing Touch          Hex            0%         N/A       99%         3
 Conjure Flame            Conj/Fire      0%         6-21      99%         3
 Dazzling Flash           Conj/Hex       0%         N/A       99%         3
 Gell's Gravitas          Tloc           0%         N/A       99%         3
 Ignite Poison            Fire/Tmut/Pois 0%         N/A       99%         3
 Inner Flame              Hex/Fire       0%         N/A       99%         3
 Portal Projectile        Hex/Tloc       0%         N/A       99%         3
 Spider Form              Tmut/Pois      0%         N/A       99%         3
 Stone Arrow              Conj/Erth      0%         3d7       99%         3
 Swiftness                Air            0%         N/A       99%         3
 Teleport Other           Tloc           0%         N/A       99%         3
 Vampiric Draining        Necr           0%         2d6       99%         3
 Airstrike                Air            0%         N/A       100%        4
 Animate Armour           Summ/Erth      0%         N/A       100%        4
 Animate Dead             Necr           0%         N/A       100%        4
 Cause Fear               Hex            0%         N/A       100%        4
 Dispel Undead            Necr           0%         3d6       100%        4
 Flame Wave               Conj/Fire      0%         3d3       100%        4
 Fulminant Prism          Conj/Hex       0%         3d6       100%        4
 Hailstorm                Conj/Ice       0%         3d3       100%        4
 Ice Form                 Ice/Tmut       0%         N/A       100%        4
 Iskenderun's Mystic Bla  Conj/Tloc      0%         2d3       100%        4
 Leda's Liquefaction      Hex/Erth       0%         N/A       100%        4
 Olgreb's Toxic Radiance  Pois           0%         N/A       100%        4
 Sticky Flame             Conj/Fire      0%         2d3       100%        4
 Summon Ice Beast         Ice/Summ       0%         N/A       100%        4
 Agony                    Necr           0%         N/A       100%        5
 Blade Hands              Tmut           0%         N/A       100%        5
 Fireball                 Conj/Fire      0%         3d3       100%        5
 Irradiate                Conj/Tmut      0%         3d14      100%        5
 Iskenderun's Battlesphe  Conj           0%         2d6       100%        5
 Lee's Rapid Deconstruct  Erth           0%         3d5*      100%        5
 Lightning Bolt           Conj/Air       0%         1d11      100%        5
 Manifold Assault         Tloc           0%         N/A       100%        5
 Silence                  Hex/Air        0%         N/A       100%        5
 Summon Forest            Summ/Tloc      0%         N/A       100%        5
 Summon Mana Viper        Hex/Summ       0%         N/A       100%        5
 Yara's Violent Unravell  Hex/Tmut       0%         3d3       100%        5
 Conjure Ball Lightning   Conj/Air       0%         3x3d6     100%        6
 Dispersal                Tloc           0%         N/A       100%        6
 Eringya's Noxious Bog    Tmut/Pois      0%         N/A       100%        6
 Simulacrum               Ice/Necr       0%         N/A       100%        6
 Starburst                Conj/Fire      0%         6d3       100%        6
 Statue Form              Tmut/Erth      0%         N/A       100%        6
 Summon Cactus Giant      Summ           0%         N/A       100%        6
 Dragon Form              Tmut           0%         N/A       100%        7
 Haunt                    Necr/Summ      0%         N/A       100%        7
 Monstrous Menagerie      Summ           0%         N/A       100%        7
 Orb of Destruction       Conj           0%         N/A       100%        7
 Storm Form               Tmut/Air       0%         N/A       100%        7
 Borgnjor's Revivificati  Necr           0%         N/A       100%        8
 Discord                  Hex            0%         N/A       100%        8
 Disjunction              Tloc           0%         N/A       100%        8
 Ignition                 Fire           0%         3d3       100%        8
 Infestation              Necr           0%         N/A       100%        8
 Lehudib's Crystal Spear  Conj/Erth      0%         10d2      100%        8
 Necromutation            Tmut/Necr      0%         N/A       100%        8
 Death's Door             Necr           0%         N/A       100%        9
 Dragon's Call            Summ           0%         N/A       100%        9
 Fire Storm               Conj/Fire      0%         5d1       100%        9


Dungeon Overview and Level Annotations

Branches:
Dungeon (15/15)            Temple (1/1) D:4            Lair (6/6) D:10
 Shoals (4/4) Lair:4       Spider (4/4) Lair:2        Slime (0/5) Lair:5
    Orc (2/2) D:11            Elf (3/3) Orc:2        Vaults (5/5) D:13
  Crypt (3/3) Vaults:2       Tomb (0/3) Crypt:3      Depths (4/4) D:15
    Zot (5/5) Depths:4      Sewer (visited)          Bailey (visited)
 WizLab (visited)

Altars:
Ashenzari
Cheibriados
Dithmenos
Elyvilon
Fedhas
Gozag
Hepliaklqana
Kikubaaqudgha
Makhleb
Nemelex Xobeh
Okawaru
Qazlal
Ru
Sif Muna
Trog
Uskayaw
Vehumet
Wu Jian
Xom
Yredelemnul
Zin
The Shining One
Jiyva

Shops:
D:2 :   D:8 (   D:12 (=*(   D:15 :   Orc:2 :(?(   Elf:1 (   Elf:3 *
Shoals:1 **   Vaults:1 =   Vaults:4 ([?!   Vaults:5 ?[

Portals:
Hell: Depths:1 Depths:2 Depths:3 Depths:4
Abyss: Depths:3
Pandemonium: Depths:1 Depths:2
Ziggurat: Depths:1

Annotations:
D:12 4 runed translucent doors
Lair:2 3 runed translucent doors, Thraspic's ghost, journeyman FeEn
Spider:2 Roxanne
Elf:1 exclusion: 2 ice statues
Elf:2 3 runed translucent doors
Crypt:2 1 runed translucent door, Uroast's ghost, veteran MiGl
Depths:1 exclusion: orange crystal statue
Depths:3 3 runed translucent doors, a11behringer's ghost, adept MiFi


Innate Abilities, Weirdness & Mutations

You have a pair of horns on your head.
You reflexively headbutt those who attack you in melee.
You have large cloven feet.
Your body sometimes deteriorates upon taking damage.
You are robust. (+10% HP)
You expend magic power (3 MP) to strengthen your wands.


Message History

There is a stone staircase leading down here.
There is a stone staircase leading up here.
You climb upwards.
There is a stone staircase leading down here.
There is a stone staircase leading up here.
You climb upwards.
There is a stone staircase leading down here.
Aiming: Dig
Press: ? - help, Shift-Dir - straight line You can't see that place.
You feel a surge of power!
The rock shatters into small pieces.
There is a stone staircase leading up here.
You climb upwards.
There is a stone staircase leading down here.
There is a stone staircase leading up here.
You climb upwards.
There is a stone staircase leading down here.
There is a stone staircase leading up here.
You climb upwards.
There is a stone staircase leading down here.
There is a stone staircase leading up here.
You climb upwards.
There is a stone staircase leading down here.
You see here a +0 whip.
There is a stone staircase leading up here.
You climb upwards.
There is a stone staircase leading down here.
Done exploring.
Okay, then.
Unknown command.
Unknown command.
Aiming: Dig
Press: ? - help, Shift-Dir - straight line You can't see that place. [a rock wall.]
You feel a surge of power!
The rock shatters into small pieces.
You enter the shallow water.
Moving in this stuff is going to be slow.
There is a staircase leading out of the dungeon here.
You have escaped!

###.....########.########....>###
.......## ###.......### ##....#..
......## ##...........## ##......
......# ##....#####....## #...#..
......###...#########...# #...#..
............#.......##..####.....
##...###...#..≈≈.≈≈..#...# #..#..
#...# #..##.≈≈...≈≈.##..# #..#..
#...# #..##.≈≈.@.≈≈.##..# #..#..
##...# #..##.≈≈...≈≈.##..# #..#..
#..[.# #...#..≈≈≈≈≈..#...# #.....
#....####^.##.......##..####.....
#.....# #...####.####...# #....##
......# ##....##'##....## #....#
.#....## ##...........## ##....#
.......## ###.......### ##.....#
........#################.)..>##


There were no monsters in sight!

Vanquished Creatures
  A seraph (Depths:4)
  5 dread liches
  2 orbs of fire (Zot:5)
  4 ancient liches
  Mennas (Depths:3)
  Sojobo (Vaults:2)
  3 Killer Klowns
  Frederick (Vaults:3)
  Xtahua (Vaults:4)
  8 golden dragons
  2 curse toes
  Jory (Vaults:2)
  Nikola (Depths:1)
  An electric golem (Zot:5)
  Jorgrun (Orc:2)
  16 tentacled monstrosities
  Asterion (Depths:1)
  21 Orb Guardians
  5 liches
  5 titans
  2 deep elf master archers (Elf:3)
  7 quicksilver dragons
  A deep elf blademaster (Elf:3)
  9 sphinxes
  Polyphemus (Shoals:2)
  A kraken (Shoals:4)
  Kirke (Lair:4)
  2 ancient champions
  4 tentacled starspawn (Abyss:3)
  7 death cobs
  Donald (Vaults:4)
  13 shadow dragons
  6 tengu reavers
  6 draconian monks
  10 storm dragons
  A revenant (Crypt:2)
  6 draconian knights
  A daeva (Depths:4)
  5 fire giants
  7 draconian scorchers
  6 ghost moths
  8 frost giants
  5 deep elf sorcerers
  An iron dragon (Vaults:5)
  2 emperor scorpions (shapeshifter)
  4 orc warlords
  Aizul (Elf:1)
  6 deep elf elementalists (Elf:3)
  6 draconian shifters
  2 curse skulls
  4 emperor scorpions
  17 vault wardens
  A spriggan defender (Depths:3)
  17 very ugly things
  An angel (Depths:3)
  A draconian stormcaller (Zot:2)
  18 stone giants
  3 reapers
  14 ironbound preservers
  7 ghouls (Crypt:2)
  12 draconian annihilators
  6 war gargoyles
  9 green draconians
  5 red draconians
  4 entropy weavers
  Nessos (Lair:4)
  8 deep elf annihilators
  6 purple draconians
  8 vampire knights
  12 black draconians
  11 deep elf demonologists
  3 lorocyprocas
  9 spark wasps
  6 yellow draconians
  5 dire elephants
  9 white draconians
  4 merfolk javelineers (Shoals:4)
  A green death (D:15)
  4 deep elf death magi
  A blizzard demon (Zot:5)
  3 eidola
  2 jiangshi (Crypt:1)
  8 merfolk impalers
  12 ettins
  9 fire dragons
  A great orb of eyes (shapeshifter) (Vaults:5)
  8 great orbs of eyes
  6 deep elf high priests
  10 hydras
  2 ironbound thunderhulks
  2 rakshasas
  30 vault guards
  9 ice dragons
  2 merfolk avatars (Shoals:4)
  An ogre mage (Vaults:5)
  11 boulder beetles
  8 spriggan air magi
  2 juggernaut simulacra
  A peacekeeper (Vaults:3)
  4 catoblepae
  19 yaktaur captains
  11 ironbound frosthearts
  6 centaur warriors
  An anaconda (shapeshifter) (Vaults:5)
  5 death knights
  10 dancing weapons
  3 two-headed ogres
  4 merfolk aquamancers
  2 satyrs
  6 tengu warriors
  A titan zombie (Crypt:1)
  6 deep troll shamans
  26 death yaks
  8 orc high priests
  3 spriggan berserkers (Depths:4)
  6 vampire magi
  Urug (Lair:5)
  3 deep troll earth magi
  20 hell knights
  2 spatial maelstroms (Abyss:3)
  2 wretched stars (Abyss:3)
  3 soul eaters
  5 deep elf knights (Elf:1)
  24 skeletal warriors
  A shadow wraith (Crypt:2)
  A spark wasp zombie (Crypt:1)
  A sixfirhy (Abyss:3)
  3 bog bodies (Crypt:2)
  3 iron trolls
  11 flayed ghosts
  9 sea snakes
  A shadow demon (Depths:2)
  32 deep trolls
  6 glowing orange brains
  5 deep elf archers
  3 wizards
  15 ironbound convokers
  23 deep elf zephyrmancers
  An obsidian statue (Zot:5)
  A bunyip skeleton (Crypt:1)
  16 phantasmal warriors
  An orb spider (shapeshifter) (D:14)
  32 wolf spiders
  9 harpies
  5 necromancers
  2 orc sorcerers (D:13)
  29 orc knights
  29 orb spiders
  13 fauns
  20 ugly things
  24 deep elf pyromancers
  8 cyclopes
  32 moths of wrath
  A salamander (shapeshifter) (Vaults:5)
  2 stone giant zombies
  3 worldbinders
  13 manticores
  2 apocalypse crabs
  13 merfolk sirens
  A dire elephant zombie (Crypt:1)
  2 rust devils
  7 elephants
  A spriggan zombie (Abyss:2)
  4 black mambas
  A torpor snail (Lair:3)
  16 vault sentinels
  2 orange demons
  6 smoke demons
  4 gargoyles (Crypt:3)
  An ice statue (D:14)
  2 black draconian zombies
  7 water nymphs
  Psyche (D:10)
  An unseen horror (Abyss:1)
  9 komodo dragons
  22 yaktaurs
  A dire elephant skeleton (Crypt:3)
  17 cane toads
  16 demonic crawlers
  4 rime drakes
  2 efreet
  13 freezing wraiths
  A yaktaur (shapeshifter) (Depths:3)
  A kobold demonologist (D:11)
  Maggie (D:8)
  2 ice devils
  5 tengu conjurers
  A catoblepas skeleton (Crypt:2)
  2 guardian mummies (Crypt:3)
  4 trolls
  A green draconian skeleton (Crypt:1)
  28 jumping spiders
  5 ancient zymes
  2 red devils (Depths:2)
  7 polar bears
  A polar bear (shapeshifter) (Depths:2)
  A wind drake (shapeshifter) (Depths:2)
  33 merfolk
  Prince Ribbit (Lair:2)
  37 blink frogs
  3 meliai (D:13)
  8 wind drakes
  3 hornets
  4 dream sheep (Lair:5)
  2 meliai zombies
  A slime creature (shapeshifter) (Depths:3)
  8 snapping turtles
  20 slime creatures
  8 air elementals
  26 starcursed masses
  3 flying skulls (Crypt:1)
  7 shadows (Crypt:3)
  7 wraiths
  A redback (shapeshifter) (Depths:3)
  47 redbacks
  A spriggan (Depths:4)
  10 large abominations
  3 vampires
  5 ynoxinuls
  57 yaks
  27 tarantellas
  10 water elementals
  7 wyverns
  A black mamba skeleton (Crypt:2)
  2 hogs (Lair:4)
  3 basilisks
  A human (D:13)
  3 fire elementals
  A chaos spawn (Depths:2)
  A vampire mosquito (D:12)
  2 neqoxecs
  3 wargs
  2 naga zombies
  A two-headed ogre zombie (WizLab)
  A swamp worm (shapeshifter) (Depths:4)
  2 spatial vortices (Abyss:3)
  2 naga skeletons
  Duvessa (D:4)
  5 acid dragons
  5 hell hounds (Abyss:3)
  8 water moccasins
  2 floating eyes
  A sky beast (D:5)
  A hornet zombie (D:6)
  46 orc warriors
  2 black bears
  An ice beast (D:8)
  18 wolves
  12 boggarts
  5 centaurs
  A necrophage (D:4)
  5 ogres
  A snapping turtle skeleton (Crypt:2)
  A swamp dragon skeleton (Crypt:3)
  3 kobold brigands (D:11)
  Blork the orc (D:6)
  17 bullfrogs
  2 scorpions
  5 gnoll sergeants
  2 earth elementals (Elf:1)
  A warg zombie (Crypt:2)
  A wyvern skeleton (D:5)
  6 small abominations
  Dowan (D:4)
  5 troll zombies (WizLab)
  A water moccasin skeleton (D:4)
  6 wights
  2 electric eels (Spider:2)
  A bullfrog zombie (D:6)
  2 jellies
  3 quasits
  4 centaur zombies
  2 hounds
  2 bullfrog skeletons
  31 orc priests
  5 centaur skeletons
  2 iron imps
  Jessica (D:2)
  Ijyb (D:5)
  An iguana (D:5)
  22 orc wizards
  A scorpion zombie (D:4)
  A killer bee zombie (D:8)
  5 ogre zombies (WizLab)
  An ogre skeleton (Crypt:1)
  2 hound zombies
  10 mummies (Crypt:3)
  2 howler monkey skeletons
  13 adders
  24 gnolls
  A swamp drake skeleton (Crypt:1)
  4 white imps
  2 ufetubi
  2 adder zombies (D:4)
  4 adder skeletons
  An iguana skeleton (Crypt:2)
  3 worms
  The ghost of willcat the Sneak, a weakling DgDe (D:6)
  4 dart slugs
  86 orcs
  18 ball pythons
  14 endoplasms
  10 giant cockroaches
  14 hobgoblins
  16 kobolds
  15 quokkas
  4 bats
  13 frilled lizards
  11 goblins
  An orc skeleton (Crypt:1)
  A quokka skeleton (Crypt:2)
  A quokka zombie (D:4)
  4 rats
  A rat (shapeshifter) (Vaults:5)
  6 starspawn tentacles (Abyss:3)
  3 tentacles (Shoals:4)
2208 creatures vanquished.

Vanquished Creatures (collateral kills)
  2 dread liches
  A golden dragon (Zot:4)
  A tentacled monstrosity (Zot:4)
  An electric golem (Zot:4)
  2 Orb Guardians (Zot:5)
  2 liches
  A titan (Vaults:4)
  A deep elf blademaster (Elf:3)
  2 quicksilver dragons
  A storm dragon (Vaults:5)
  A shadow dragon (Vaults:5)
  A tengu reaver (Vaults:5)
  2 fire giants (Vaults:5)
  A draconian knight (Zot:2)
  A draconian scorcher (Zot:2)
  2 deep elf sorcerers
  A draconian annihilator (Zot:2)
  A deep elf elementalist (Elf:3)
  3 very ugly things (Vaults:5)
  A black draconian (Depths:4)
  2 green draconians
  3 purple draconians
  2 red draconians
  A deep elf death mage (Elf:3)
  An ettin (Vaults:5)
  2 great orbs of eyes (Vaults:4)
  2 vault guards (Vaults:5)
  A boulder beetle (Vaults:4)
  2 hell knights (Crypt:3)
  2 deep elf knights (Elf:3)
  A flayed ghost (Crypt:3)
  2 deep elf archers
  A phantasmal warrior (Crypt:2)
  A deep elf zephyrmancer (Elf:3)
  2 ugly things (Vaults:5)
  2 deep elf pyromancers (Elf:3)
  A cyclops (D:15)
  2 moths of wrath
  2 vault sentinels
  A smoke demon (Crypt:3)
  A yaktaur (Vaults:5)
  A guardian mummy (Crypt:3)
  A death drake zombie (Crypt:2)
  2 vampires (WizLab)
  A two-headed ogre zombie (WizLab)
  A komodo dragon zombie (Crypt:2)
  2 troll zombies (WizLab)
  A wight (Crypt:3)
  An ogre zombie (WizLab)
72 creatures vanquished.

Vanquished Creatures (others)
  A tentacled monstrosity (Zot:3)
  A stone giant (Depths:1)
  2 rakshasas (Depths:1)
  A spriggan berserker (Depths:1)
  A deep elf zephyrmancer (Elf:1)
  A komodo dragon (shapeshifter) (D:12)
  A jumping spider (Spider:3)
  A water moccasin (Lair:4)
  A sky beast (D:5)
  37 fungi
  100 plants
  6 starspawn tentacles (Abyss:3)
  4 tentacles (Shoals:4)
  12 withered plants
169 creatures vanquished.

Grand Total: 2449 creatures vanquished

Notes
Turn   | Place    | Note
-------+----------+-------------------------------------------
     0 | D:1      | karkarkar the Minotaur Fighter began the quest for the Orb.
     0 | D:1      | Reached XP level 1. HP: 19/19 MP: 0/0
   199 | D:1      | Reached XP level 2. HP: 27/27 MP: 1/1
   374 | D:1      | Found a faded altar of an unknown god.
   515 | D:2      | Reached XP level 3. HP: 29/33 MP: 2/2
   527 | D:2      | Noticed Jessica
   530 | D:2      | Killed Jessica
   531 | D:2      | Reached skill level 4 in Shields
   585 | D:2      | Found Hupnaeh's Book Shoppe.
   633 | D:2      | Reached XP level 4. HP: 41/41 MP: 3/3
  1767 | D:3      | Reached XP level 5. HP: 47/47 MP: 4/4
  1976 | D:4      | Reached skill level 5 in Axes
  1995 | D:4      | Found a glowing silver altar of Zin.
  1995 | D:4      | Found a shadowy altar of Dithmenos.
  2002 | D:4      | Reached skill level 5 in Fighting
  2092 | D:4      | Found a glowing drain.
  2106 | Sewer    | Entered a sewer
  2198 | Sewer    | Reached XP level 6. HP: 56/56 MP: 5/5
  2559 | D:4      | Noticed Duvessa
  2560 | D:4      | Noticed Dowan
  2566 | D:4      | Killed Duvessa
  2567 | D:4      | Reached XP level 7. HP: 62/62 MP: 6/6
  2568 | D:4      | Killed Dowan
  2624 | D:4      | Found a staircase to the Ecumenical Temple.
  2630 | Temple   | Entered the Ecumenical Temple
  2766 | Temple   | Became a worshipper of Elyvilon the Healer
  2795 | D:5      | Entered Level 5 of the Dungeon
  2882 | D:4      | Reached skill level 1 in Evocations
  3334 | D:5      | Reached XP level 8. HP: 54/71 MP: 7/7
  3395 | D:5      | Found a shimmering altar of Xom.
  3490 | D:5      | Reached skill level 10 in Axes
  3560 | D:5      | Noticed Ijyb
  3582 | D:5      | Killed Ijyb
  3700 | D:5      | Reached * piety under Elyvilon
  4035 | D:6      | Found a runed translucent door.
  4035 | D:6      | Noticed willcat's ghost (weakling DgDe)
  4078 | D:6      | Noticed Blork the orc
  4092 | D:6      | Killed Blork the orc
  4206 | D:6      | Reached XP level 9. HP: 71/79 MP: 8/8
  4436 | D:6      | Found a snail-covered altar of Cheibriados.
  4632 | D:6      | Killed willcat's ghost
  4879 | D:7      | Found a broken altar of Ashenzari.
  4882 | D:7      | Reached ** piety under Elyvilon
  4882 | D:7      | Found a glowing golden altar of the Shining One.
  4898 | D:7      | Fell from the grace of Elyvilon
  4898 | D:7      | Became a worshipper of the Shining One
  5097 | D:7      | Found a shimmering blue altar of Sif Muna.
  5413 | D:8      | Found Gaillos's Weapon Shoppe.
  5483 | D:8      | Noticed Maggie
  5493 | D:8      | Killed Maggie
  5494 | D:8      | Reached skill level 1 in Throwing
  5535 | D:8      | Noticed a two-headed ogre
  5537 | D:8      | Reached * piety under the Shining One
  5543 | D:8      | Killed a two-headed ogre
  5596 | D:8      | Found a stormy altar of Qazlal.
  5785 | D:8      | Reached XP level 10. HP: 90/90 MP: 9/9
  6019 | D:9      | Found a flagged portal.
  6056 | Bailey   | Entered a bailey
  6365 | Bailey   | Acquired the ring of Jaughoc {rElec rC+ Str+6 Dex-5 Slay+3}
  6660 | D:9      | Found a radiant altar of Vehumet.
  6713 | D:9      | Reached skill level 15 in Axes
  6842 | D:9      | Identified the +4 dagger of Leshrourgh {freeze, rC+ rN+}
  6852 | D:9      | Found a basalt altar of Yredelemnul.
  6970 | D:10     | Entered Level 10 of the Dungeon
  6985 | D:10     | Noticed an elephant
  6997 | D:10     | Killed an elephant
  7002 | D:10     | Found a staircase to the Lair.
  7132 | D:10     | Reached skill level 1 in Invocations
  7173 | D:10     | Noticed Psyche
  7350 | D:10     | Found a hide-covered altar of Uskayaw.
  7681 | D:10     | Killed Psyche
  7682 | D:10     | Reached XP level 11. HP: 96/97 MP: 7/11
  8446 | D:11     | Found a staircase to the Orcish Mines.
  9328 | Lair:1   | Entered Level 1 of the Lair of Beasts
  9330 | Lair:1   | Noticed a six-headed hydra
  9339 | Lair:1   | Killed a two-headed hydra
  9961 | Lair:1   | Found a dark tunnel.
 10152 | Lair:2   | Noticed a death yak
 10153 | Lair:2   | Noticed a death yak
 10153 | Lair:2   | Noticed a death yak
 10153 | Lair:2   | Reached ** piety under the Shining One
 10157 | Lair:2   | Noticed a death yak
 10175 | Lair:2   | Noticed Prince Ribbit
 10187 | Lair:2   | Killed Prince Ribbit
 10206 | Lair:2   | Noticed an eight-headed hydra
 10211 | Lair:2   | Found a runed translucent gate.
 10213 | Lair:2   | Killed a six-headed hydra
 10214 | Lair:2   | Reached skill level 5 in Throwing
 10214 | Lair:2   | Reached skill level 5 in Invocations
 10471 | Lair:2   | Found a runed translucent gate.
 10471 | Lair:2   | Found a runed translucent gate.
 10499 | Lair:2   | Found a hole to the Spider Nest.
 10552 | Lair:2   | Reached XP level 12. HP: 96/104 MP: 15/15
 10581 | Lair:2   | Killed a death yak
 10583 | Lair:2   | Killed a death yak
 10588 | Lair:2   | Killed a death yak
 10592 | Lair:2   | Killed a death yak
 10738 | Lair:2   | Noticed Thraspic's ghost (journeyman FeEn)
 11167 | Lair:3   | Reached skill level 10 in Throwing
 11215 | Lair:3   | Noticed a five-headed hydra
 11221 | Lair:3   | Killed a four-headed hydra
 11499 | Lair:3   | Reached skill level 5 in Armour
 11816 | Lair:4   | Reached *** piety under the Shining One
 11827 | Lair:4   | Noticed a seven-headed hydra
 11833 | Lair:4   | Killed a six-headed hydra
 11887 | Lair:4   | Noticed a death yak
 11893 | Lair:4   | Killed a death yak
 11893 | Lair:4   | Noticed a death yak
 11897 | Lair:4   | Noticed a death yak
 11901 | Lair:4   | Killed a death yak
 11902 | Lair:4   | Reached XP level 13. HP: 113/113 MP: 16/16
 12003 | Lair:4   | Reached skill level 10 in Fighting
 12072 | Lair:4   | Noticed Nessos
 12075 | Lair:4   | Reached skill level 5 in Evocations
 12079 | Lair:4   | Killed Nessos
 12142 | Lair:4   | Noticed Kirke
 12225 | Lair:4   | Killed Kirke
 12701 | Lair:4   | Found a staircase to the Shoals.
 13074 | Lair:5   | Found a staircase to the Slime Pits.
 13241 | Lair:5   | Noticed Urug
 13248 | Lair:5   | Killed Urug
 13741 | Lair:6   | Entered Level 6 of the Lair of Beasts
 13791 | Lair:6   | Reached **** piety under the Shining One
 13814 | Lair:6   | Reached XP level 14. HP: 124/124 MP: 15/17
 13851 | Lair:6   | Reached skill level 5 in Shields
 14806 | Lair:6   | Got the Reference Book on Damaging Malediction
 15154 | Orc:1    | Entered Level 1 of the Orcish Mines
 15398 | Orc:1    | Reached skill level 15 in Throwing
 15823 | Orc:2    | Entered Level 2 of the Orcish Mines
 16191 | Orc:2    | Noticed Jorgrun
 16205 | Orc:2    | Killed Jorgrun
 16207 | Orc:2    | Reached ***** piety under the Shining One
 16300 | Orc:2    | Reached XP level 15. HP: 132/134 MP: 19/19
 16571 | Orc:2    | Found Kuengida's Book Boutique.
 16574 | Orc:2    | Found Wavvaw's Magic Scroll Boutique.
 16575 | Orc:2    | Found Quiphoi's Weapon Boutique.
 16576 | Orc:2    | Found Onumnaf's Antique Weapon Shop.
 16580 | Orc:2    | Bought a scroll of fear for 42 gold pieces
 16580 | Orc:2    | Bought a scroll of teleportation for 36 gold pieces
 16580 | Orc:2    | Bought a scroll of teleportation for 36 gold pieces
 16800 | Orc:2    | Found a staircase to the Elven Halls.
 17480 | D:12     | Found Icimah's Assorted Antiques.
 17483 | D:12     | Bought a potion of heal wounds for 125 gold pieces
 17483 | D:12     | Bought a potion of heal wounds for 125 gold pieces
 17483 | D:12     | Bought a scroll of enchant weapon for 187 gold pieces
 17649 | D:12     | Found a runed translucent door.
 17716 | D:12     | Found an ornate altar of the Wu Jian Council.
 17807 | D:12     | Found a runed translucent door.
 17837 | D:12     | Found a runed translucent door.
 17868 | D:12     | Found the +10 tower shield of Ignorance {rN+ Int-4}
 17871 | D:12     | Found a runed translucent door.
 17871 | D:12     | Identified the ring "Avupt" {rF+ MP+9 Slay+3 Stlth+}
 18288 | D:12     | Found Byci's Antique Weapon Emporium.
 18311 | D:12     | Found Jetrad's Jewellery Shop.
 18314 | D:12     | Bought the macabre finger necklace {rN+} for 560 gold
                  | pieces
 18314 | D:12     | Found the macabre finger necklace {rN+}
 18440 | D:12     | Identified the +1 scale mail of Submission {rElec rPois rF-
                  | Dex-3}
 18575 | D:12     | Found Pediur's Weapon Shop.
 18723 | D:13     | Reached ****** piety under the Shining One
 18724 | D:13     | Reached skill level 6 in Shields
 19435 | D:13     | Paralysed by an orc sorcerer for 6 turns
 19593 | D:13     | Found a gate to the Vaults.
 20146 | Spider:1 | Entered Level 1 of the Spider Nest
 20343 | Spider:1 | Identified the +9 long sword "Jogop" {antimagic, rC+}
 20434 | Spider:1 | Reached skill level 15 in Fighting
 20578 | Spider:1 | Reached skill level 7 in Shields
 21381 | Spider:2 | Reached XP level 16. HP: 150/150 MP: 20/20
 21855 | Spider:2 | Reached skill level 10 in Evocations
 21859 | Spider:2 | Identified Roxanne's Incunabulum of Clay
 21859 | Spider:2 | Noticed Roxanne
 23181 | Spider:2 | Reached skill level 10 in Armour
 23582 | Spider:2 | Reached skill level 8 in Shields
 25164 | Spider:4 | Entered Level 4 of the Spider Nest
 25983 | Spider:4 | Reached skill level 9 in Shields
 26280 | Spider:4 | Reached XP level 17. HP: 163/163 MP: 12/22
 26394 | Spider:4 | Identified the +1 robe of the Echidna {rC+ Will- Dex+6}
 26595 | Spider:4 | Got a gossamer rune of Zot
 26841 | Shoals:1 | Entered Level 1 of the Shoals
 27827 | Shoals:1 | Identified the ring of Hiolot {rPois rN+}
 27874 | Shoals:1 | Found Ubuuboeji's Specific Store.
 27876 | Shoals:1 | Found Xuzios's General Store.
 27880 | Shoals:1 | Bought a scroll of blinking for 90 gold pieces
 27880 | Shoals:1 | Bought a potion of heal wounds for 60 gold pieces
 27880 | Shoals:1 | Bought a potion of curing for 36 gold pieces
 27880 | Shoals:1 | Bought a scroll of teleportation for 36 gold pieces
 27880 | Shoals:1 | Bought a potion of cancellation for 96 gold pieces
 28064 | Shoals:1 | Reached skill level 10 in Shields
 28589 | Shoals:2 | Identified the +4 cloak "Uteserie" {Will+ Int+2 SInv
                  | Stlth-}
 28643 | Shoals:2 | Reached skill level 11 in Shields
 28732 | Shoals:2 | Noticed Polyphemus
 28747 | Shoals:2 | Killed Polyphemus
 29488 | Shoals:3 | Reached skill level 12 in Shields
 30839 | Shoals:4 | Entered Level 4 of the Shoals
 31462 | Shoals:4 | Reached skill level 13 in Shields
 32044 | Shoals:4 | Got a barnacled rune of Zot
 32278 | Shoals:4 | Reached skill level 14 in Shields
 32538 | Shoals:4 | Noticed a kraken
 32550 | Shoals:4 | Killed a kraken
 32551 | Shoals:4 | Reached XP level 18. HP: 164/180 MP: 24/24
 33496 | Vaults:1 | Entered Level 1 of the Vaults
 34046 | Vaults:1 | Reached skill level 15 in Shields
 34393 | Vaults:1 | Found Evikuik's Jewellery Boutique.
 35029 | Vaults:1 | Reached skill level 16 in Shields
 35557 | Vaults:2 | Identified the +1 hand axe of the Shoals {drain, rF- Int+3}
 35782 | Vaults:2 | You fall into a shaft and drop 1 floor!
 35824 | Vaults:2 | Noticed Jory
 35836 | Vaults:2 | Killed Jory
 36977 | Vaults:2 | Noticed Sojobo
 36992 | Vaults:2 | Paralysed by an air elemental for 1 turns
 36996 | Vaults:2 | Paralysed by an air elemental for 1 turns
 37008 | Vaults:2 | Paralysed by an air elemental for 1 turns
 37011 | Vaults:2 | Killed Sojobo
 37012 | Vaults:2 | Reached skill level 10 in Invocations
 37800 | Vaults:2 | Found a staircase to the Crypt.
 38432 | Vaults:3 | Noticed Frederick
 38446 | Vaults:3 | Killed Frederick
 38451 | Vaults:3 | Reached XP level 19. HP: 105/193 MP: 26/26
 40226 | Vaults:4 | Noticed a dread lich
 40236 | Vaults:4 | Killed a dread lich
 40716 | Vaults:4 | Found Qifywn's Antique Armour Shop.
 40716 | Vaults:4 | Found Woyg's Antique Weapon Shop.
 40759 | Vaults:4 | Found Giuzuux's Magic Scroll Shop.
 40765 | Vaults:4 | Bought a scroll of enchant armour for 150 gold pieces
 40765 | Vaults:4 | Bought a scroll of enchant armour for 150 gold pieces
 40765 | Vaults:4 | Bought a scroll of enchant weapon for 150 gold pieces
 40919 | Vaults:4 | Noticed Xtahua
 40931 | Vaults:4 | Killed Xtahua
 41115 | Vaults:4 | Noticed Donald
 41138 | Vaults:4 | Killed Donald
 41534 | Vaults:4 | Found Vacur's Distillery.
 41539 | Vaults:4 | Bought a potion of curing for 36 gold pieces
 41539 | Vaults:4 | Bought a potion of curing for 36 gold pieces
 41539 | Vaults:4 | Bought a potion of curing for 36 gold pieces
 41539 | Vaults:4 | Bought a potion of curing for 36 gold pieces
 41539 | Vaults:4 | Bought a potion of experience for 600 gold pieces
 41539 | Vaults:4 | Reached skill level 17 in Shields
 41539 | Vaults:4 | Reached XP level 20. HP: 206/206 MP: 28/28
 42220 | Elf:1    | Entered Level 1 of the Elven Halls
 42453 | Elf:1    | Upgraded the game from 0.28-a0-863-g8cecda6153 to
                  | 0.28-a0-872-g80cf8599ee
 42551 | Elf:1    | Identified the +0 robe of the Earth {Stlth+}
 42592 | Elf:1    | Reached skill level 1 in Dodging
 42600 | Elf:1    | Found Eqeuc's Weapon Shoppe.
 42852 | Elf:1    | Found a frozen archway.
 43050 | Elf:1    | Reached XP level 21. HP: 215/215 MP: 29/29
 43148 | Elf:1    | Noticed Aizul
 43161 | Elf:1    | Killed Aizul
 43661 | Elf:2    | Reached skill level 5 in Dodging
 44005 | Elf:2    | Paralysed by an air elemental for 1 turns
 44029 | Elf:2    | Paralysed by an air elemental for 1 turns
 44087 | Elf:2    | Identified the +6 scimitar "Cuagot" {vorpal, rElec}
 44248 | Elf:2    | Identified a +9 broad axe of holy wrath (a +8 broad axe of
                  | flaming blessed by the Shining One)
 44248 | Elf:2    | Received a gift from the Shining One
 44341 | Elf:2    | Found a runed translucent gate.
 44345 | Elf:2    | Found a runed translucent gate.
 44345 | Elf:2    | Found a runed translucent gate.
 44404 | Elf:3    | Entered Level 3 of the Elven Halls
 44493 | Elf:3    | Found Suub Mus's Assorted Antiques.
 44509 | Elf:3    | Bought a scroll of holy word for 247 gold pieces
 44509 | Elf:3    | Bought a potion of curing for 99 gold pieces
 44659 | Elf:3    | Identified the +8 war axe "Ymias" {vamp, *Noise rF+ rC+}
 44729 | Elf:3    | Identified the +9 trident of Resourcefulness {drain, Dex+4}
 44729 | Elf:3    | Identified the ring "Estruin" {rCorr Str+6 Slay-6 Stlth+}
 44781 | Elf:3    | Reached skill level 15 in Armour
 44923 | Elf:3    | Found a shimmering altar of Xom.
 46186 | D:15     | Entered Level 15 of the Dungeon
 46826 | D:15     | Found Cesax's Book Shop.
 46948 | D:15     | Found a staircase to the Depths.
 47403 | Vaults:4 | Bought a glowing tower shield for 240 gold pieces
 47454 | Vaults:4 | Bought a potion of cancellation for 96 gold pieces
 47489 | Vaults:5 | Entered Level 5 of the Vaults
 47523 | Vaults:4 | Reached skill level 18 in Shields
 47717 | Vaults:5 | Identified the +5 tower shield "Zytad" {+Inv rF- Dex+2
                  | SInv}
 48134 | Vaults:4 | Reached XP level 22. HP: 131/224 MP: 30/30
 48346 | Vaults:5 | Reached skill level 19 in Shields
 48718 | Vaults:5 | Noticed a golden dragon
 48728 | Vaults:5 | Killed a golden dragon
 48778 | Vaults:5 | Identified the +2 rapier of Xom {vorpal, rC+ Dex+3}
 48802 | Vaults:5 | Reached skill level 20 in Shields
 49281 | Vaults:5 | Identified the +11 mace "Saoha" {venom, rC+ Int+5}
 49286 | Vaults:5 | Cast into level 2 of the Abyss (a deep elf demonologist)
 49355 | Vaults:5 | Escaped the Abyss
 49564 | Vaults:5 | Found Reotor's Armour Shop.
 49755 | Vaults:5 | Reached skill level 21 in Shields
 49886 | Vaults:5 | Got Qiocwuy's Catalogue of Venom
 49898 | Vaults:5 | Got Opefred's Catalogue of Transmigration
 50011 | Vaults:5 | Identified the +0 plate armour of the Thinker {Str+2}
 50083 | Vaults:5 | Identified the +3 ring mail "Jirr" {*Slow rC+ Int+2 Dex+5}
 50095 | Vaults:5 | Got a silver rune of Zot
 50624 | Vaults:5 | Noticed an ancient lich
 50634 | Vaults:5 | Killed an ancient lich
 50635 | Vaults:5 | Reached skill level 22 in Shields
 50697 | Vaults:5 | Found Puvos's Magic Scroll Shoppe.
 50750 | Vaults:5 | Identified the +3 shortbow of Renwenyn {vorpal, rN+ Dex+3}
 50757 | Vaults:5 | Bought a scroll of blinking for 105 gold pieces
 50757 | Vaults:5 | Bought a scroll of teleportation for 42 gold pieces
 50757 | Vaults:5 | Bought a scroll of acquirement for 728 gold pieces
 50757 | Vaults:5 | Bought a scroll of summoning for 133 gold pieces
 50757 | Vaults:5 | Bought a scroll of blinking for 105 gold pieces
 50757 | Vaults:5 | Bought a scroll of teleportation for 42 gold pieces
 50757 | Vaults:5 | Acquired 1273 gold pieces
 51013 | Vaults:5 | Got Xiqin's Collected Works on the Lethal Birds
 51557 | Depths:1 | Entered Level 1 of the Depths
 51560 | Depths:1 | Noticed Nikola
 51564 | Depths:1 | Noticed Asterion
 51575 | Depths:1 | Killed Nikola
 51582 | Depths:1 | Killed Asterion
 51591 | Depths:1 | Reached skill level 23 in Shields
 51738 | Depths:1 | Found a gateway to a ziggurat.
 51849 | Depths:1 | Found a gateway to Hell.
 52258 | Depths:1 | Found the +8 glaive of the Guard {elec, spectral, AC+5}
 52381 | Depths:1 | Reached XP level 23. HP: 232/232 MP: 31/31
 52539 | Depths:1 | Found a one-way gate leading to the halls of Pandemonium.
 52553 | Depths:1 | Reached skill level 24 in Shields
 53420 | Depths:2 | Reached skill level 25 in Shields
 54063 | Crypt:1  | Entered Level 1 of the Crypt
 54092 | Crypt:1  | Reached skill level 1 in Maces & Flails
 54151 | Crypt:1  | Found a magical portal.
 54181 | WizLab   | Entered Zonguldrok's Shrine
 54365 | WizLab   | Noticed an antique lich
 54371 | WizLab   | Killed an antique lich
 54372 | WizLab   | Found the +9 sword of Zonguldrok {reap}
 55581 | Crypt:2  | Identified the +7 mace "Xeuj" {freeze, rPois rCorr Int-5
                  | Dex+4}
 56027 | Crypt:2  | Found a runed translucent door.
 56030 | Crypt:2  | Noticed Uroast's ghost (veteran MiGl)
 56054 | Crypt:3  | Entered Level 3 of the Crypt
 56361 | Crypt:3  | Paralysed by a sphinx for 4 turns
 56852 | Crypt:3  | Reached XP level 24. HP: 245/245 MP: 31/31
 56881 | Crypt:3  | Found a staircase to the Tomb.
 56993 | Crypt:3  | Found an ancient bone altar of Kikubaaqudgha.
 57045 | Crypt:3  | Noticed a dread lich
 57050 | Crypt:3  | Killed a dread lich
 57070 | Crypt:3  | Identified the +1 robe of Adoss {Str+4}
 57084 | Crypt:3  | Noticed a dread lich
 57088 | Crypt:3  | Killed a dread lich
 57883 | Depths:3 | Found a one-way gate to the infinite horrors of the Abyss.
 57898 | Depths:3 | Voluntarily entered the Abyss.
 58148 | Abyss:2  | Gained mutation: Your body sometimes deteriorates upon
                  | taking damage. [a neqoxec]
 58398 | Abyss:3  | Found a corrupted altar of Lugonu.
 58569 | Abyss:3  | Paralysed by an air elemental for 1 turns
 58860 | Depths:3 | Escaped the Abyss
 59237 | Depths:3 | Found a runed translucent gate.
 59237 | Depths:3 | Found a runed translucent gate.
 59237 | Depths:3 | Found a runed translucent gate.
 59237 | Depths:3 | Noticed a dread lich
 59237 | Depths:3 | Noticed a11behringer's ghost (adept MiFi)
 59466 | Depths:3 | Found a hazy altar of Hepliaklqana.
 59528 | Depths:3 | Noticed Mennas
 59779 | Depths:3 | Reached skill level 26 in Shields
 59825 | Depths:3 | Killed Mennas
 59928 | Depths:3 | Paralysed by a floating eye for 2 turns
 60336 | Depths:3 | Identified the +1 hand crossbow "Ippoab" {penet, rPois rN+
                  | Int+2}
 60562 | Depths:4 | Entered Level 4 of the Depths
 60669 | Depths:4 | Noticed a dread lich
 60679 | Depths:4 | Killed a dread lich
 60680 | Depths:4 | Reached skill level 27 in Shields
 60776 | Depths:4 | Paralysed by a floating eye for 4 turns
 61128 | Depths:4 | Reached skill level 10 in Dodging
 61213 | Depths:4 | Found a gate to the Realm of Zot.
 61427 | Depths:4 | Reached XP level 25. HP: 247/253 MP: 31/31
 61851 | Zot:1    | Entered Level 1 of the Realm of Zot
 61989 | Zot:1    | You fall into a shaft and drop 1 floor!
 62074 | Zot:2    | Noticed a Killer Klown
 62092 | Zot:2    | Killed a Killer Klown
 62382 | Zot:1    | Acquired a +2 hat of willpower
 63072 | Zot:2    | Noticed a Killer Klown
 63089 | Zot:2    | Killed a Killer Klown
 63647 | Zot:2    | Identified the +1 leather armour of the Seven Xenophobes
                  | {Harm Int+3 Dex+2}
 65909 | Zot:4    | Reached XP level 26. HP: 256/261 MP: 31/31
 66424 | Zot:5    | Entered Level 5 of the Realm of Zot
 66424 | Zot:5    | Found the +9 scales of the Dragon King {rPois rF+ rC+
                  | Will+}
 67026 | Zot:5    | Noticed a dread lich
 67026 | Zot:5    | Noticed a dread lich
 67036 | Zot:5    | Killed a dread lich
 67044 | Zot:5    | Killed a dread lich
 67061 | Zot:5    | Noticed an ancient lich
 67073 | Zot:5    | Killed an ancient lich
 67302 | Zot:5    | Noticed an ancient lich
 67318 | Zot:5    | Killed an ancient lich
 67353 | Zot:5    | Noticed an orb of fire
 67386 | Zot:5    | Gained mutation: You have hidden genetic defects. [an orb
                  | of fire]
 67387 | Zot:5    | Killed an orb of fire
 67395 | Zot:5    | Lost mutation: You have hidden genetic defects. [potion of
                  | mutation]
 67395 | Zot:5    | Lost mutation: Your body sometimes deteriorates upon taking
                  | damage. [potion of mutation]
 67395 | Zot:5    | Gained mutation: You have large cloven feet. [potion of
                  | mutation]
 67395 | Zot:5    | Gained mutation: You expend magic power (3 MP) to
                  | strengthen your wands. [potion of mutation]
 67570 | Zot:5    | Reached skill level 15 in Dodging
 67588 | Zot:5    | Noticed a dread lich
 67610 | Zot:5    | Killed a dread lich
 67682 | Zot:5    | Noticed an orb of fire
 67686 | Zot:5    | Gained mutation: You are robust. (+10% HP) [an orb of fire]
 67688 | Zot:5    | Killed an orb of fire
 67851 | Zot:5    | Got the Orb of Zot
 68021 | Zot:2    | Gained mutation: Your body sometimes deteriorates upon
                  | taking damage. [a cacodemon]
 68093 | Depths:4 | Noticed a seraph
 68101 | Depths:4 | Killed a seraph
 68157 | Depths:4 | Noticed a seraph
 68407 | D:3      | Noticed Ishin the pandemonium lord
 68473 | D:$      | Escaped with the Orb!

Illustrated notes

Levels and vault maps discovered:
D:1:      dpeg_arrival_concentric_ovals, layout_rooms,
          hellmonk_ecumenical_altar_heavens_door
D:2:      layout_basic, serial_shops, nicolae_diamond_shop, uniq_jessica
D:3:      layout_basic
D:4:      layout_loops_ring, jmf_multi_god_temple,
          minmay_temple_entry_enclosed_plants, cheibrodos_sewer_entry_bend,
          serial_undead, serial_undead_b, serial_undead_a, serial_undead_c,
          serial_undead_b, minmay_misc_feat_iff, uniq_duvessa
D:5:      layout_basic, amcnicky_altar_gilded, uniq_ijyb
D:6:      layout_basic, kennysheep_slug_shrine, hellmonk_ghost_happy_afterlife,
          minmay_misc_feat_room, uniq_blork_the_orc
D:7:      layout_loops_cross, lemuel_doored_altar, grunt_temple_overflow_open,
          corexii_corridor_pit
D:8:      layout_rooms, kennysheep_little_box, nicolae_stop_n_shop_2,
          uniq_maggie
D:9:      layout_roguey, lemuel_zombie_altar_yredelemnul, vehumet_altar_wand_db,
          enter_bailey_5
D:10:     layout_gridville, mainiacjoe_overflow_boulevard, david_lair_generic,
          uniq_psyche
D:11:     layout_stronghold, kennysheep_orc_monster_closet_entryway
D:12:     minmay_the_grid_triangle_9x9_rhombus_thin_mashed
          [minmay_the_grid_triangle_9x9_subtriangle,
          minmay_the_grid_triangle_9x9_prize_insulated,
          minmay_the_grid_triangle_9x9_fully_insulated_deathbox,
          minmay_the_grid_triangle_9x9_checkered], layout_rooms, serial_shops,
          nicolae_stop_n_shop_1, nicolae_lakefront_shop, kennysheep_mini_moat,
          kennysheep_mini, nzn_wu_jian_council_hall
D:13:     layout_roguey, grunt_vaults_entry_fortified
D:14:     layout_roguey, minmay_misc_feat_nine_boxes, minivault_16
D:15:     grunt_enter_depths_hoard, layout_irregular_city, serial_shops,
          nicolae_shop_stone, serial_bayou_shore_b
Temple:   pf_slime_end_temple
Lair:1:   layout_regular_city, enter_volcano_4
Lair:2:   layout_gridlike, spider_nest_entry_web_field, gammafunk_ghost_icy,
          uniq_prince_ribbit2
Lair:3:   layout_roguey, beast_lair_carwin_4, grunt_megastairs_5
Lair:4:   layout_loops_ring, elwin_shoals_entry_stream, uniq_nessos, uniq_kirke
Lair:5:   layout_roguey, slime_dummy, cheibrodos_lair_lostbears, uniq_urug
Lair:6:   evilmike_catoblepas_cave, layout_cave_pods, lemuel_fruit_fields
Shoals:1: layout_shoals, nicolae_specific_store, nicolae_shoals_seven_spires
Shoals:2: layout_shoals, uniq_polyphemus
Shoals:3: layout_shoals
Shoals:4: shoals_end_grunt_ice, layout_shoals,
          nicolae_shoals_kraken_intersection
Spider:1: layout_spider_delve
Spider:2: layout_spider_delve, hangedman_spider_tarantella_strand, uniq_roxanne
Spider:3: layout_spider_delve
Spider:4: grunt_spider_rune_island
Orc:1:    layout_diamond_mine
Orc:2:    st_orc_pillars, layout_diamond_mine, nicolae_orc_damp_corner,
          uniq_jorgrun
Elf:1:    nicolae_elf_arrival_aired_out, layout_gridlike,
          portal_ice_cave_entry_ice_statue_two, special_room [special_room_orc],
          serial_shops, nicolae_shop_hallway_plus, hangedman_elf_represent,
          grunt_megastairs_3, uniq_aizul
Elf:2:    nicolae_elf_blades_crystal_corner, layout_onion_city, uniq_saint_roka
Elf:3:    grunt_elf_hall_spiral, layout_rooms, basic_altar, serial_shops,
          nicolae_shop_overgrown_old_shop
Vaults:1: hangedman_vaults_restitches, nicolae_vaults_ring_of_whatevers,
          nicolae_vaults_c_with_doors, nicolae_vaults_network_square,
          ontoclasm_vaults_bender, vaults_room_door_hall,
          ontoclasm_vaults_gateway, vaults_dpeg_spiral, vaults_mumra_hexcomb,
          layout_vaults_chaotic_city, serial_shops, nicolae_shop_behind_doors
Vaults:2: vaults_room_door_ring, v_misc_12, v_misc_16,
          ontoclasm_vaults_loading_screen, vaults_room_door_ring,
          layout_vaults_omnigrid, uniq_sojobo, uniq_jory
Vaults:3: v_misc_30, nicolae_vaults_mini_display_case,
          ontoclasm_vaults_ring_square, v_misc_24, hangedman_vaults_capsules,
          grunt_vaults_hallway_short, v_misc_12, grunt_vaults_bifocal,
          ontoclasm_vaults_eye, nicolae_vaults_little_squares_1,
          layout_vaults_omnicross, uniq_frederick
Vaults:4: hangedman_vaults_hard_town_square, ontoclasm_vaults_spin,
          vaults_standard_mumra_lines, nicolae_vaults_network_s,
          vaults_mumra_minichess_inversion, grunt_vaults_twisty,
          vaults_mumra_lcd, nicolae_vaults_asterisk, grunt_vaults_focal,
          v_misc_26, grunt_vaults_hallway_short, v_misc_16, layout_vaults_maze,
          serial_shops, nicolae_shop_hallway_stairs, uniq_margery, uniq_donald,
          uniq_xtahua
Vaults:5: serial_shops
Crypt:1:  layout_misc_corridors, infiniplex_enter_wizlab_water,
          lemuel_upstairs_altar, grunt_megastairs_4, grunt_crypt_arrival_split
Crypt:2:  layout_gridlike, gammafunk_ghost_grave,
          amcnicky_mini_rare_corridor_liquid, wad_floor_pattern_1
Crypt:3:  quadcrypt_mu
Depths:1: layout_cave_pools, enter_ziggurat_e, hangedman_coc_ice_floe,
          rand_demon_pan_entry_9, hex_large, grunt_ministairs_11,
          minmay_protected_statue, uniq_nikola, uniq_asterion
Depths:2: minmay_open_boxes_in_corner, layout_gridlike, rand_demon_pan_entry_7,
          hell_entry, infiniplex_staircase_pillars_2,
          serial_sigils_hangedman_scratch, kennysheep_path_1, firewood_loft
Depths:3: cheibrodos_leafed_vault, layout_gridlike, gammafunk_ghost_split,
          hell_entry, abyss_entry, nicolae_hepliaklqana_hazy_memory, uniq_mennas
Depths:4: grunt_runaround [grunt_runaround_doors_1, grunt_runaround_doors_2,
          grunt_runaround_doors_3, grunt_runaround_doors_4,
          grunt_runaround_zot], serial_shops, hell_entry
Zot:1:    layout_basic, st_stairs_12
Zot:2:    layout_gridlike, bh_zot_ikea_curve, grunt_ministairs_7,
          guppyfry_library_mini
Zot:3:    layout_gridlike, grunt_megastairs_1
Zot:4:    layout_gridlike, zot_minivault_1
Zot:5:    layout_gridlike

Skill      XL: |  1  2  3  4  5  6  7  8  9 10 11 12 13 14 15 16 17 18 19 20 21 22 23 24 25 26 |
---------------+-------------------------------------------------------------------------------+-----
Armour         | 4 5 6 7 9 11 12 15 17 22 25 | 25.5
Fighting       | 4 5 6 7 8 9 11 12 15 18 20 22 24 25 26 | 26.2
Axes           | 3 4 5 7 9 12 14 17 18 20 22 | 22.0
Shields        | 4 5 7 9 14 16 17 18 23 25 27 | 27.0
Evocations     | 1 2 4 6 8 9 10 11 | 11.1
Throwing       | 1 7 11 13 15 16 | 16.0
Invocations    | 1 5 6 7 9 10 12 13 | 13.0
Dodging        | 3 9 10 13 15 | 15.2
Maces & Flails | 1 |  1.0
Short Blades   | |  0.2
Long Blades    | |  0.2
Polearms       | |  0.6
Staves         | |  0.5
Slings         | |  0.4
Bows           | |  0.2
Crossbows      | |  0.2
Stealth        | |  0.2
Unarmed Combat | |  0.4
Spellcasting   | |  0.1
Conjurations   | |  0.6
Hexes          | |  0.1
Summonings     | |  0.2
Necromancy     | |  0.2
Translocations | |  0.3
Transmutations | |  0.1
Fire Magic     | |  0.1
Ice Magic      | |  0.2
Air Magic      | |  0.3
Earth Magic    | |  0.5
Poison Magic   | |  0.1

Action                   |  1- 3 |  4- 6 |  7- 9 | 10-12 | 13-15 | 16-18 | 19-21 | 22-24 | 25-27 || total
-------------------------+-------+-------+-------+-------+-------+-------+-------+-------+-------++-------
Melee: War axe           |    64 |   249 |   219 |       |       |       |       |       |       ||   532
       Headbutt          |     6 |    25 |    59 |    41 |    81 |   138 |   141 |   323 |   203 ||  1017
       Broad axe         |       |       |    24 |   276 |   413 |   614 |   575 |  1262 |   653 ||  3817
Throw: Boomerang         |       |     2 |     6 |   151 |   435 |   428 |    50 |   132 |   127 ||  1331
       Dart              |       |       |       |    19 |    30 |     9 |     8 |     7 |       ||    73
       Javelin           |       |       |       |    21 |    59 |    80 |    19 |    16 |    14 ||   209
       Throwing net      |       |       |       |     1 |       |       |       |       |     2 ||     3
Invok: Divine Shield     |       |       |       |     7 |    14 |    31 |    14 |    54 |    25 ||   145
       Cleansing Flame   |       |       |       |       |       |     3 |     2 |     1 |       ||     6
       Summon Divine War |       |       |       |       |       |     2 |     7 |    11 |     5 ||    25
       Brand Weapon With |       |       |       |       |       |       |     1 |       |       ||     1
Evoke: Wand              |       |     2 |     4 |     4 |     6 |    11 |    21 |     1 |     7 ||    56
       Box of beasts     |       |       |       |       |       |       |       |     2 |     1 ||     3
       Tin of tremorston |       |       |       |       |       |       |       |       |     1 ||     1
  Use: Scroll            |     2 |     4 |     5 |    16 |     7 |     7 |    10 |    15 |     8 ||    74
       Potion            |       |     1 |     2 |     3 |     3 |    12 |     2 |     2 |     5 ||    30
Armor: Scale mail        |    35 |   114 |    65 |       |       |       |       |       |       ||   214
       Ring mail         |       |       |    31 |    75 |    99 |       |       |       |       ||   205
       Plate armour      |       |       |       |       |    31 |   365 |       |       |       ||   396
       Gold dragon scale |       |       |       |       |       |    85 |   181 |   361 |   242 ||   869
Dodge: Dodged            |    32 |   108 |    75 |   123 |   108 |   188 |    77 |   140 |   106 ||   957
Block: Buckler           |    15 |    62 |    59 |    71 |   127 |   311 |       |       |       ||   645
       Kite shield       |       |       |       |       |       |    95 |   373 |    94 |       ||   562
       Reflection        |       |       |       |       |       |       |    25 |    30 |       ||    55
       Tower shield      |       |       |       |       |       |       |       |   957 |   700 ||  1657

Table legend: (Time is in decaauts)
 A = Elapsed time spent in this place.
 B = Non-inter-level travel time spent in this place.
 C = Inter-level travel time spent in this place.
 D = Time resting spent in this place.
 E = Time spent auto-exploring this place.
 F = Levels seen in this place.
 G = Mean time per level.
                   A        B        C        D        E       F      G
               +--------+--------+--------+--------+--------+-----+--------+
         Total |  67533 |  61535 |   5998 |   8847 |  35691 |  59 | 1144.6 |
       Dungeon |  14619 |  12419 |   2200 |    608 |   8535 |  15 |  974.6 |
        Temple |    148 |    130 |     18 |      0 |    114 |   1 |  148.0 |
          Lair |   6323 |   5364 |    959 |    107 |   3986 |   6 | 1053.8 |
        Shoals |   5972 |   5425 |    547 |   1226 |   3062 |   4 | 1493.0 |
   Spider Nest |   6713 |   6352 |    361 |   2630 |   2681 |   4 | 1678.2 |
  Orcish Mines |   1982 |   1716 |    266 |     28 |    998 |   2 |  991.0 |
   Elven Halls |   3058 |   2948 |    110 |     40 |   1480 |   3 | 1019.3 |
        Vaults |  12226 |  11513 |    713 |   3398 |   4860 |   5 | 2445.2 |
         Crypt |   3197 |   3091 |    106 |     65 |   2134 |   3 | 1065.7 |
        Depths |   5298 |   4945 |    353 |    305 |   3373 |   4 | 1324.5 |
           Zot |   6005 |   5643 |    362 |    433 |   3550 |   5 | 1201.0 |
         Abyss |    968 |    968 |      0 |      0 |    580 |   4 |  242.0 |
         Sewer |    442 |    442 |      0 |      5 |    122 |   1 |  442.0 |
        Bailey |    309 |    309 |      0 |      0 |    142 |   1 |  309.0 |
        Wizlab |    268 |    268 |      0 |      0 |     70 |   1 |  268.0 |
               +--------+--------+--------+--------+--------+-----+--------+

Top non-repeatable levels by time:
Spider:2: 3485 daAuts
Vaults:4: 3255 daAuts
Vaults:2: 2731 daAuts
Vaults:5: 2253 daAuts
Vaults:1: 2121 daAuts
Shoals:4: 2036 daAuts
Vaults:3: 1864 daAuts
    D:11: 1774 daAuts
    D:13: 1664 daAuts
Shoals:1: 1655 daAuts
Depths:3: 1637 daAuts
Spider:4: 1487 daAuts
 Crypt:3: 1471 daAuts
   Elf:1: 1435 daAuts
   Zot:5: 1421 daAuts
